 Dungeon Crawl Stone Soup version 0.32-a0-19-g28bc0835a1 (webtiles) character file.

Game seed: 9146680194042883528

3432 Melkor the Trooper (level 10, 76/76 HPs)
             Began as a Djinni Air Elementalist on Jan 16, 2024.
             Was a Believer of Makhleb.
             Quit the game on level 7 of the Dungeon on Jan 17, 2024.
             The game lasted 00:39:27 (8030 turns).

Melkor the Trooper (Djinni Air Elementalist)        Turns: 8030, Time: 00:39:28

Health: 76/76      AC: 10    Str: 13    XL:     10   Next: 25%
Gold:   322        EV: 14    Int: 20    God:    Makhleb [**....] SH:  0 Dex: 15

rFire   + + .        p - +3 quarterstaff (chaos)
rCold   x . .        (shield currently unavailable)
rNeg    . . .        i - +0 leather armour
rPois   ∞            (no helmet)
rElec   .            q - +0 cloak
rCorr   .            I - +0 pair of gloves
SInv    .            (boots unavailable)
Will    +....        (no amulet)
Stlth   ++           t - +4 ring of protection
HPRegen 0.32/turn    G - +6 ring of strength
MPRegen 0.00/turn

%: no passive effects
@: flying
A: sickness immunity, fire resistance 2, cold vulnerability 1, float, innate
caster, HP casting, extra vitality 1
a: Renounce Religion, Minor Destruction


You were on level 7 of the Dungeon.
You worshipped Makhleb.
Makhleb was pleased with you.
You visited 2 branches of the dungeon, and saw 8 of its levels.
You also visited: Sewer and Ossuary.

You collected 503 gold pieces.
You spent 181 gold pieces at shops.

Inventory:

Hand Weapons
 p - a +3 quarterstaff of chaos (weapon)
 y - a +4 heavy hand axe
 z - a +0 dagger of venom
 H - a +2 whip of flaming
Missiles
 c - 125 stones
 r - 7 boomerangs
 E - 2 throwing nets
 F - 4 javelins
Armour
 a - a +0 robe
 i - a +0 leather armour (worn)
 q - a +0 cloak (worn)
 I - a +0 pair of gloves (worn)
Jewellery
 t - a +4 ring of protection (left hand)
 G - a +6 ring of strength (right hand)
 K - a ring of wizardry
Wands
 w - a wand of iceblast (23)
 D - a wand of flame (26)
Scrolls
 b - 4 scrolls of noise
 d - 3 scrolls of amnesia
 e - a scroll of summoning {unknown}
 f - 2 scrolls of fog {unknown}
 g - 6 scrolls of enchant weapon
 j - a scroll of blinking {unknown}
 s - 2 scrolls of revelation {unknown}
 u - 4 scrolls of enchant armour
 C - 2 scrolls of fear {unknown}
 J - a scroll of silence {unknown}
 L - 3 scrolls of teleportation
 M - a scroll of vulnerability {unknown}
Potions
 h - 3 potions of berserk rage {unknown}
 k - a potion of resistance {unknown}
 l - 3 potions of might {unknown}
 m - 6 potions of curing
 n - 2 potions of attraction {unknown}
 o - 4 potions of heal wounds
 v - 5 potions of mutation {unknown}
 x - 4 potions of haste {unknown}
 A - 3 potions of invisibility {unknown}
 B - a potion of magic {unknown}
 N - a potion of brilliance {unknown}
 O - a potion of degeneration {unknown}


   Skills:
 * Level 7.8 Fighting
 - Level 1.0 Throwing
 + Level 4.4 Armour
 + Level 6.2 Dodging
 - Level 1.5 Stealth
 * Level 6.8 Spellcasting
 * Level 6.8 Conjurations
 * Level 6.8 Hexes
 * Level 6.8 Summonings
 * Level 6.8 Necromancy
 * Level 6.8 Translocations
 * Level 6.8 Fire Magic
 * Level 6.8 Ice Magic
 * Level 6.8 Air Magic
 * Level 6.8 Earth Magic
 * Level 6.8 Alchemy
 * Level 3.3 Invocations
 - Level 2.0 Evocations


You knew the following spells:

 Your Spells              Type           Power      Damage    Failure   Level
a - Shock                 Conj/Air       100%       1d9       1%          1
c - Swiftness             Air            34%        N/A       2%          3
d - Airstrike             Air            17%        2d(3-19)  7%          4
e - Sticky Flame          Fire/Alch      34%        2d7       7%          4
q - Necrotise             Necr           100%       1d9       1%          1
r - Static Discharge      Conj/Air       68%        3-6/arc   1%          2
s - Blink                 Tloc           68%        N/A       1%          2
z - Stone Arrow           Conj/Erth      68%        3d11      2%          3
Your spell library was empty.

Dungeon Overview and Level Annotations

Branches:
Dungeon (7/15)             Temple (1/1) D:5           Sewer (visited)
Ossuary (visited)

Altars:
Ashenzari
Cheibriados
Elyvilon
Fedhas
Gozag
Hepliaklqana
Makhleb
Nemelex Xobeh
Okawaru
Qazlal
Ru
Trog
Uskayaw
Wu Jian
Xom
Yredelemnul
Zin
The Shining One

Shops:
D:2 *   D:6 !


Innate Abilities, Weirdness & Mutations

You are immune to sickness and miasma.
You are immune to poison.
Your flesh is very heat resistant. (rF++)
You are vulnerable to cold. (rC-)
You float through the air rather than walking.
You learn spells naturally, not from books.
Your magical power is your life essence.
You have superior vitality. (+4 MHP)


Message History

The elf zombie is severely damaged.
The human zombie is struck by an arc of lightning!
The human zombie is almost destroyed.
The lightning grounds out.
The human zombie hits you but does no damage.
Casting: Static Discharge (safe; 1% risk of failure)
Confirm with . or Enter, or press ? or * to list all spells.
The human zombie is struck by an arc of lightning.
You destroy the human zombie!
Makhleb accepts your kill.
You can now harness Makhleb's destructive might.
You feel better.
The elf zombie is struck by an arc of lightning.
The elf zombie is almost destroyed.
You are struck by an arc of lightning.
The elf zombie is struck by an arc of lightning!
The elf zombie is almost destroyed.
The lightning grounds out.
The elf zombie is struck by an arc of lightning.
The elf zombie is almost destroyed.
You are struck by an arc of lightning.
The elf zombie is struck by an arc of lightning!
You destroy the elf zombie!
Makhleb accepts your kill.
You feel better.
The lightning grounds out.
Done exploring.
Done exploring.
Done exploring.
Done exploring.
Search for what [Enter for "."]? .
There is an open gate here.
The weeping skull gives a chilling moan.
There is a gate leading back out of this place here.
Welcome back to the Dungeon!
There is a collapsed entrance here.
Saving game... please wait.
Welcome back, Melkor the Djinni Air Elementalist.
Blood and souls for Makhleb!
Press ? for a list of commands and other information.
Are you sure you want to abandon this character and quit the game? (Confirm with "yes".)

#########
###.......##########
..........[).).....>
#....)..#########.
###....[..# #.
#..8......# #.
#.........# #.
#8.@.8....# #†
..............# #.
.......8...#### #.
........#### #. .#
........# #. .#
........# #. ####.###
##################### #.
##.....#
##########..........###.
##.....#
#...................+...


There were no monsters in sight!

Vanquished Creatures
  Pikel (D:5)
  Grinder (D:6)
  2 sky beasts (D:7)
  An orc warrior (D:6)
  An ice beast (D:7)
  A black bear (D:4)
  An ogre (D:5)
  2 centaurs
  3 lemures (D:5)
  3 phantoms
  An elf zombie (Ossuary)
  A weeping skull (Ossuary)
  2 bullfrogs (Sewer)
  2 scorpions
  2 burial acolytes (Ossuary)
  2 electric eels (D:4)
  A howler monkey (D:5)
  A bombardier beetle (D:5)
  3 hounds
  2 jellies
  Crazy Yiuf (D:2)
  4 orc priests
  3 human zombies (Ossuary)
  Terence (D:3)
  2 iguanas
  6 orc wizards
  Natasha (thrice) (D:2)
  4 hound zombies (Ossuary)
  2 mummies (Ossuary)
  4 gnolls
  12 river rats
  13 adders
  4 white imps
  6 ufetubi
  3 dart slugs
  A ribbon worm (D:3)
  27 orcs
  21 ball pythons
  10 endoplasms
  3 giant cockroaches
  5 gnoll zombies (Ossuary)
  6 goblins
  5 hobgoblins
  3 quokkas
  6 bats
  11 frilled lizards
  11 kobolds
  3 orc zombies (Ossuary)
  29 rats
242 creatures vanquished.

Vanquished Creatures (others)
  An orc wizard (D:7)
1 creature vanquished.

Grand Total: 243 creatures vanquished

Notes
Turn   | Place    | Note
-------+----------+-------------------------------------------
     0 | D:1      | Melkor the Djinni Air Elementalist began the quest for the
                  | Orb.
     0 | D:1      | Melkor set off with the following spells memorised: Shock,
                  | Static Discharge, Swiftness, Airstrike.
     0 | D:1      | Reached XP level 1. HP: 15/15 MP: 0/0
     0 | D:1      | Noticed a spriggan
     2 | D:1      | Noticed a troll
     6 | D:1      | Noticed a spriggan
     9 | D:1      | Noticed a gargoyle
    11 | D:1      | Noticed a tengu
    13 | D:1      | Noticed an elf
    13 | D:1      | Noticed a demigod
    17 | D:1      | Noticed a vine stalker
    17 | D:1      | Noticed a felid
    17 | D:1      | Noticed a barachi
    19 | D:1      | Noticed a vine stalker
   140 | D:1      | Reached XP level 2. HP: 18/22 MP: 0/0
   221 | D:1      | Reached skill level 1 in Fighting
   393 | D:1      | Reached XP level 3. HP: 20/27 MP: 0/0
   393 | D:1      | Learned a level 1 spell: Necrotise
   950 | D:2      | Noticed Natasha
  1099 | D:2      | Killed Natasha
  1100 | D:2      | Reached skill level 2 in Fighting
  1100 | D:2      | Reached XP level 4. HP: 27/33 MP: 0/0
  1330 | D:2      | Noticed Natasha
  1335 | D:2      | Killed Natasha
  1336 | D:2      | Reached XP level 5. HP: 19/39 MP: 0/0
  1336 | D:2      | Learned a level 2 spell: Blink
  1519 | D:2      | Found a runed translucent door.
  1520 | D:2      | Noticed Crazy Yiuf
  1715 | D:2      | Found Eskajisi's Assorted Antiques.
  1724 | D:2      | Bought a white potion for 21 gold pieces
  1724 | D:2      | Bought a scroll labelled CEOKUD CAUGOUMN for 24 gold pieces
  1724 | D:2      | Bought a scroll labelled NOZUIGGEPA for 24 gold pieces
  1878 | D:2      | Noticed Natasha
  1880 | D:2      | Killed Natasha
  2060 | D:2      | Killed Crazy Yiuf
  2061 | D:2      | Reached skill level 3 in Fighting
  2254 | D:3      | Found an ornate altar of the Wu Jian Council.
  2286 | D:3      | Reached XP level 6. HP: 23/46 MP: 0/0
  2484 | D:3      | Found a faded altar of an unknown god.
  2547 | D:3      | Found a sacrificial altar of Ru.
  2722 | D:3      | Noticed Terence
  2726 | D:3      | Killed Terence
  2822 | D:4      | Found a stormy altar of Qazlal.
  2915 | D:4      | Reached skill level 4 in Fighting
  2933 | D:4      | Found a glowing drain.
  3018 | Sewer    | Entered a sewer
  3069 | Sewer    | Reached XP level 7. HP: 50/52 MP: 0/0
  3069 | Sewer    | Learned a level 3 spell: Stone Arrow
  3190 | Sewer    | Reached skill level 1 in Armour
  3941 | D:4      | Reached XP level 8. HP: 48/58 MP: 0/0
  4089 | D:4      | Found a transporter.
  4148 | D:4      | Found a transporter.
  4331 | D:4      | Reached skill level 5 in Fighting
  4331 | D:4      | Reached skill level 5 in Spellcasting
  4331 | D:4      | Reached skill level 5 in Conjurations
  4331 | D:4      | Reached skill level 5 in Hexes
  4331 | D:4      | Reached skill level 5 in Summonings
  4331 | D:4      | Reached skill level 5 in Necromancy
  4331 | D:4      | Reached skill level 5 in Translocations
  4331 | D:4      | Reached skill level 5 in Fire Magic
  4331 | D:4      | Reached skill level 5 in Ice Magic
  4331 | D:4      | Reached skill level 5 in Air Magic
  4331 | D:4      | Reached skill level 5 in Earth Magic
  4331 | D:4      | Reached skill level 5 in Alchemy
  4617 | D:5      | Entered Level 5 of the Dungeon
  4701 | D:5      | Noticed Pikel
  5121 | D:5      | Found a staircase to the Ecumenical Temple.
  5243 | D:5      | Found a hazy altar of Hepliaklqana.
  5264 | D:5      | Killed Pikel
  5265 | D:5      | Reached skill level 6 in Fighting
  5265 | D:5      | Reached skill level 5 in Dodging
  5265 | D:5      | Reached XP level 9. HP: 32/67 MP: 0/0
  5265 | D:5      | Learned a level 4 spell: Sticky Flame
  5591 | D:5      | Found a glowing golden altar of the Shining One.
  5622 | D:5      | Found a broken altar of Ashenzari.
  5805 | D:5      | Found a burning altar of Makhleb.
  5805 | D:5      | Noticed a balrug
  5873 | D:5      | Reached skill level 1 in Evocations
  5913 | D:5      | Found a blossoming altar of Fedhas.
  6061 | Temple   | Entered the Ecumenical Temple
  6168 | D:5      | Became a worshipper of Makhleb the Destroyer
  6313 | D:6      | Reached skill level 7 in Fighting
  6313 | D:6      | Reached skill level 1 in Throwing
  6431 | D:6      | Noticed Grinder
  6434 | D:6      | Killed Grinder
  6435 | D:6      | Reached skill level 1 in Invocations
  6508 | D:6      | Found a bloodstained altar of Trog.
  6858 | D:6      | Found Uqahiokh's Distillery.
  6866 | D:6      | Reached * piety under Makhleb
  6904 | D:6      | Bought a potion of heal wounds for 70 gold pieces
  6904 | D:6      | Bought a potion of curing for 42 gold pieces
  7214 | D:7      | Reached XP level 10. HP: 44/75 MP: 0/0
  7312 | D:7      | Found a sand-covered staircase.
  7387 | Ossuary  | Entered an ossuary
  7974 | Ossuary  | Reached ** piety under Makhleb
  8030 | D:7      | Upgraded the game from 0.32-a0-18-g89e19f1974 to
                  | 0.32-a0-19-g28bc0835a1
  8030 | D:7      | Quit the game

Illustrated notes

Levels and vault maps discovered:
D:1:      shiori_arrival_whats_in_store_for_you, layout_loops_ring,
          minmay_lizard_king
D:2:      layout_basic, serial_shops, nicolae_shop_crystal,
          uniq_crazy_yiuf_cottage, uniq_natasha
D:3:      layout_basic, amcnicky_altar_gilded, nzn_wu_jian_contemplation,
          hellmonk_ecumenical_altar_blasted, uniq_terence
D:4:      gammafunk_steamed_eel, layout_basic, grunt_qazlal_sundering,
          cheibrodos_sewer_entry_drain, dk_rats_in_the_wall
D:5:      layout_loops_cross, kennysheep_little_box,
          mainiacjoe_overflow_brackets, mainiacjoe_overflow_cross_hatched,
          nicolae_hepliaklqana_hazy_memory, makhleb_altar_promises_db,
          minmay_temple_entry_poolview, kennysheep_generic_room_11, uniq_pikel
D:6:      layout_cave_pools, mainiacjoe_overflow_concentric_impassable,
          serial_shops, nicolae_shop_industrial_runoff, uniq_grinder
D:7:      layout_basic, nicolae_ossuary_entry_monument
Temple:   cyrus_temple_forest

Skill      XL: |  1  2  3  4  5  6  7  8  9 10 |
---------------+-------------------------------+-----
Fighting       | 1 2 3 4 6 7 |  7.8
Dodging        | 3 4 5 6 |  6.2
Spellcasting   | 4 5 6 |  6.8
Conjurations   | 4 5 6 |  6.8
Hexes          | 4 5 6 |  6.8
Summonings     | 4 5 6 |  6.8
Necromancy     | 4 5 6 |  6.8
Translocations | 4 5 6 |  6.8
Fire Magic     | 4 5 6 |  6.8
Ice Magic      | 4 5 6 |  6.8
Air Magic      | 4 5 6 |  6.8
Earth Magic    | 4 5 6 |  6.8
Alchemy        | 4 5 6 |  6.8
Armour         | 1 3 4 |  4.4
Evocations     | 2 |  2.0
Throwing       | 1 |  1.0
Invocations    | 2 3 |  3.3
Stealth        | |  1.5

Action                     |  1- 3 |  4- 6 |  7- 9 | 10-12 || total
---------------------------+-------+-------+-------+-------++-------
  Melee: Quarterstaff      |       |    11 |    12 |     4 ||    27
  Throw: Boomerang         |       |     1 |       |       ||     1
   Cast: Shock             |    70 |   115 |   262 |    50 ||   497
         Static Discharge  |       |     9 |    32 |    12 ||    53
         Swiftness         |       |     2 |       |       ||     2
         Airstrike         |       |     1 |    10 |     3 ||    14
         Stone Arrow       |       |       |    19 |     3 ||    22
         Necrotise         |       |       |     1 |       ||     1
         Sticky Flame      |       |       |       |     4 ||     4
  Evoke: Wand              |       |     2 |       |       ||     2
    Use: Scroll            |       |     5 |       |     2 ||     7
   Stab: Sleeping          |       |       |     1 |       ||     1
 Armour: Robe              |     4 |    18 |       |       ||    22
         Leather armour    |       |    17 |    94 |    32 ||   143
  Dodge: Dodged            |     3 |    31 |    70 |    13 ||   117

Table legend: (Time is in decaauts)
 A = Elapsed time spent in this place.
 B = Non-inter-level travel time spent in this place.
 C = Inter-level travel time spent in this place.
 D = Time resting spent in this place.
 E = Time spent auto-exploring this place.
 F = Levels seen in this place.
 G = Mean time per level.
                   A        B        C        D        E       F      G
               +--------+--------+--------+--------+--------+-----+--------+
         Total |   8040 |   7632 |    408 |    823 |   5157 |  10 |  804.0 |
       Dungeon |   6887 |   6480 |    407 |    755 |   4330 |   7 |  983.9 |
        Temple |      1 |      0 |      1 |      0 |      0 |   1 |    1.0 |
         Sewer |    508 |    508 |      0 |      0 |    397 |   1 |  508.0 |
       Ossuary |    642 |    642 |      0 |     68 |    430 |   1 |  642.0 |
               +--------+--------+--------+--------+--------+-----+--------+

Top non-repeatable levels by time:
     D:4: 1714 daAuts
     D:5: 1312 daAuts
     D:2: 1232 daAuts
     D:1: 1008 daAuts
     D:6: 699 daAuts
 Ossuary: 642 daAuts
     D:3: 511 daAuts
   Sewer: 508 daAuts
     D:7: 408 daAuts
  Temple: 1 daAuts
